 Dungeon Crawl Stone Soup version 0.23.1-37-gaa34b87 (webtiles) character file.

Game seed: 6167906026014664560

5945 Kairos the Cleaver (level 10, -3/90 HPs)
             Began as a Hill Orc Monk on Mar 24, 2019.
             Was a Believer of Beogh.
             Slain by a troll (5 damage)
             ... on level 11 of the Dungeon.
             The game lasted 00:16:37 (9294 turns).

Kairos the Cleaver (Hill Orc Monk)                  Turns: 9294, Time: 00:16:37

Health: -3/90      AC: 10    Str: 21 (23) XL:     10   Next: 83%
Magic:  13/13      EV: 12    Int: 14 (15) God:    Beogh [**....]
Gold:   132        SH:  0    Dex: 12 (13) Spells: 9/9 levels left

rFire    . . .     SeeInvis .   i - +3 hand axe (flame)
rCold    . . .     Gourm    .   (no shield)
rNeg     . . .     Faith    .   n - +2 scale mail
rPois    .         Spirit   .   (no helmet)
rElec    .         Reflect  .   (no cloak)
rCorr    .         Harm     .   (no gloves)
MR       .....                  (no boots)
Stlth    +.........             x - amulet of the acrobat
HPRegen  0.25/turn              (no ring)
MPRegen  0.13/turn              (no ring)

@: mighty, brilliant, lethally poisoned (-3 -> -4)
A: no striking features
a: Smiting, Renounce Religion


You were on level 11 of the Dungeon.
You worshipped Beogh.
Beogh was pleased with you.
You were not hungry.

You visited 1 branch of the dungeon, and saw 11 of its levels.

You collected 132 gold pieces.

Inventory:

Hand Weapons
 a - a +0 hand axe
 i - a +3 hand axe of flaming (weapon)
 j - a +0 whip of holy wrath
 o - a +1 flail of protection
Missiles
 g - 2 throwing nets
 p - 8 tomahawks (quivered)
 q - 3 tomahawks of returning
Armour
 n - a +2 scale mail (worn)
 y - a +0 ring mail of fire resistance
Jewellery
 x - an amulet of the acrobat (around neck)
Wands
 e - a wand of random effects (19)
 f - a wand of flame (13)
 k - a wand of polymorph (7)
 l - a wand of iceblast (10)
 D - a wand of disintegration (19)
Scrolls
 h - a scroll of fog
 s - a scroll of teleportation {unknown}
 t - 4 scrolls of enchant armour
 u - a scroll of magic mapping {unknown}
 v - a scroll of identify
 B - a scroll of amnesia {unknown}
 F - 3 scrolls of enchant weapon
 G - a scroll of remove curse
Potions
 d - a potion of might
 m - 2 potions of brilliance
 r - a potion of cancellation {unknown}
 w - 2 potions of degeneration
 z - a potion of ambrosia {unknown}
 A - 2 potions of curing
 C - 2 potions of flight {unknown}
 E - a potion of haste {unknown}
Comestibles
 c - 16 rations
 H - 3 chunks of flesh


   Skills:
 + Level 8.4 Fighting
 + Level 13.6 Axes
 + Level 0.9 Throwing
 + Level 7.8 Armour
 + Level 4.7 Dodging
 + Level 3.0 Stealth
 + Level 5.0 Invocations
 + Level 1.2 Evocations


You had 9 spell levels left.
You didn't know any spells.
Your spell library contained the following spells:

 Spells                   Type           Power        Failure   Level  Hunger
 Corona                   Hex            #......      8%          1    ##.....
 Shock                    Conj/Air       #...         8%          1    ##.....
 Ensorcelled Hibernation  Hex/Ice        #.....       12%         2    ###....
 Swiftness                Chrm/Air       #.......     12%         2    ###....
 Confuse                  Hex            #.......     22%         3    ####...
 Dazzling Spray           Conj/Hex       #.....       22%         3    ####...
 Static Discharge         Conj/Air       #.......     22%         3    ####...
 Tukima's Dance           Hex            #.......     22%         3    ####...
 Airstrike                Air            #.........   52%         4    #####..
 Lightning Bolt           Conj/Air       #.........   82%         5    ######.


Dungeon Overview and Level Annotations

Branches:
Dungeon (11/15)            Temple (0/1) D:7            Lair (0/6) D:11
    Orc: D:9-12

Altars:
Ashenzari
Fedhas
Gozag
Hepliaklqana
Kikubaaqudgha
Makhleb
Nemelex Xobeh
Qazlal
Sif Muna
Trog
Wu Jian
Xom
Yredelemnul
The Shining One

Shops:
D:9 }

Annotations:
D:8 Maurice


Message History

The troll claws you.
* * * LOW HITPOINT WARNING * * *
The troll misses you.
Okay, then.
It was a potion of degeneration.
There was something very wrong with that liquid.
You feel weakened.
You feel dopey.
You feel clumsy.
You feel sick.
A yak comes into view.
The troll bites you.
* * * LOW HITPOINT WARNING * * *
The troll claws you!
* * * LOW HITPOINT WARNING * * *
The troll claws you!
* * * LOW HITPOINT WARNING * * *
Unknown command.
As you read the scroll labeled SEHOAMI NANAH, it crumbles to dust.
Wisps of shadow whirl around you...
It was a scroll of summoning.
The troll bites you.
You die...

#####........#......#
##.#####.#...>..#
###.# #..####..#
#...# ##.## .# #Y###
#..### # #Y# ##..<#
#H# ###.# #9# #.# #@#
#.. # #####T# ##..
...##...#K# ###
..K..5..HH#
......KYYK#
....5.cKYT#
.......Y5W#
........ot#
....#...#Y#


You could see 2 hippogriffs, 5 yaks, 2 trolls, a hungry ghost, a crocodile, a
big kobold, a shadow imp, an orc, 2 kobolds, a friendly hippogriff and a
friendly gargoyle.

Vanquished Creatures
  An ugly thing (D:9)
  Joseph (D:8)
  A kobold demonologist (D:11)
  Eustachio (D:4)
  2 hungry ghosts (D:9)
  2 orc warriors
  2 sky beasts (D:5)
  An eye of draining (D:10)
  3 phantoms
  A necrophage (D:7)
  2 centaurs (D:9)
  5 ogres
  A big kobold (D:8)
  3 bullfrogs
  6 scorpions
  A water moccasin skeleton (D:5)
  6 killer bees (D:11)
  7 howler monkeys
  5 crimson imps
  A bullfrog zombie (D:8)
  3 jellies
  2 centaur zombies
  4 hounds
  7 orc priests
  4 bullfrog skeletons
  A gnoll shaman (D:10)
  9 orc wizards
  2 centaur skeletons
  4 iguanas
  4 worker ants
  2 hound skeletons
  A worker ant zombie (D:7)
  A howler monkey skeleton (D:5)
  10 gnolls
  8 adders
  A shadow imp (D:8)
  3 adder skeletons
  4 worms
  2 dart slugs
  A leopard gecko (D:1)
  34 orcs
  8 giant cockroaches
  7 goblins
  4 hobgoblins (D:1)
  3 jackals (D:1)
  7 kobolds
  8 quokkas
  A ball python (D:3)
  6 bats
  4 frilled lizards
  A quokka zombie (D:9)
  5 rats
213 creatures vanquished.

Notes
Turn   | Place    | Note
-------+----------+-------------------------------------------
     0 | D:1      | Kairos the Hill Orc Monk began the quest for the Orb.
     0 | D:1      | Reached XP level 1. HP: 19/19 MP: 1/1
    61 | D:1      | Reached XP level 2. HP: 23/27 MP: 2/2
   303 | D:1      | Reached XP level 3. HP: 31/33 MP: 3/3
   949 | D:2      | You fall through a shaft!
   974 | D:3      | Reached skill level 5 in Axes
   981 | D:3      | Reached XP level 4. HP: 20/40 MP: 4/4
  1560 | D:2      | Found a blossoming altar of Fedhas.
  1563 | D:2      | Found a basalt altar of Yredelemnul.
  1566 | D:2      | Found a burning altar of Makhleb.
  1595 | D:2      | Reached skill level 1 in Armour
  2197 | D:3      | Reached XP level 5. HP: 33/46 MP: 5/5
  2954 | D:4      | Reached XP level 6. HP: 49/52 MP: 6/6
  3181 | D:5      | Entered Level 5 of the Dungeon
  3181 | D:5      | Noticed Eustachio
  3188 | D:5      | Noticed a sky beast
  3192 | D:5      | Reached skill level 6 in Axes
  3204 | D:5      | Killed a sky beast
  3209 | D:5      | Reached skill level 7 in Axes
  4009 | D:4      | Killed Eustachio
  4009 | D:4      | Reached XP level 7. HP: 21/60 MP: 7/7
  4175 | D:5      | Reached skill level 8 in Axes
  4284 | D:5      | Reached skill level 5 in Fighting
  4468 | D:5      | Reached XP level 8. HP: 65/68 MP: 8/8
  4580 | D:6      | Reached skill level 9 in Axes
  4580 | D:6      | Reached skill level 1 in Evocations
  4619 | D:6      | Became a worshipper of Beogh the Brigand
  4619 | D:6      | Reached * piety under Beogh
  4619 | D:6      | Reached ** piety under Beogh
  4883 | D:6      | Found an opulent altar of Gozag.
  4888 | D:6      | Found a hazy altar of Hepliaklqana.
  5316 | D:6      | Reached skill level 5 in Armour
  5528 | D:6      | Reached skill level 10 in Axes
  5674 | D:7      | Reached skill level 1 in Invocations
  5730 | D:7      | Reached XP level 9. HP: 75/77 MP: 9/9
  5763 | D:7      | Found a staircase to the Ecumenical Temple.
  6042 | D:7      | Found a faded altar of an unknown god.
  6042 | D:7      | Found a deep blue altar of Sif Muna.
  6047 | D:7      | Found a shattered altar of Ashenzari.
  6049 | D:7      | Found a faded altar of an unknown god.
  6050 | D:7      | Found a shimmering altar of Xom.
  6354 | D:8      | Reached skill level 11 in Axes
  6453 | D:8      | Noticed Joseph
  6473 | D:8      | Killed Joseph
  6737 | D:8      | Found an ornate altar of the Wu Jian Council.
  6750 | D:8      | Noticed Maurice
  7878 | D:9      | Reached skill level 12 in Axes
  7902 | D:9      | Reached XP level 10. HP: 55/86 MP: 6/12
  8326 | D:9      | Found a sparkling altar of Nemelex Xobeh.
  8326 | D:9      | Noticed a cyan ugly thing
  8333 | D:9      | Killed a cyan ugly thing
  8356 | D:9      | Found an ancient bone altar of Kikubaaqudgha.
  8360 | D:9      | Found a glowing golden altar of the Shining One.
  8361 | D:9      | Found a stormy altar of Qazlal.
  8362 | D:9      | Found a bloodstained altar of Trog.
  8378 | D:9      | Found Plog's Gadget Shop.
  8451 | D:10     | Entered Level 10 of the Dungeon
  8570 | D:10     | Reached skill level 13 in Axes
  8779 | D:10     | Found a sparkling altar of Nemelex Xobeh.
  9177 | D:11     | Found a staircase to the Lair.
  9206 | D:11     | Reached skill level 5 in Invocations
  9238 | D:11     | Noticed a kobold demonologist
  9289 | D:11     | Killed a kobold demonologist
  9293 | D:11     | HP: 2/90 [troll (11)]
  9294 | D:11     | Slain by a troll

Skill      XL: |  1  2  3  4  5  6  7  8  9 10 |
---------------+-------------------------------+-----
Dodging        | 3 4 |  4.7
Fighting       | 4 5 6 7 8 |  8.4
Axes           | 5 7 8 10 12 13 | 13.6
Stealth        | 2 3 |  3.0
Armour         | 1 3 4 5 7 |  7.8
Evocations     | 1 |  1.2
Invocations    | 1 3 5 |  5.0
Throwing       | |  0.9

Action                   |  1- 3 |  4- 6 |  7- 9 | 10-12 || total
-------------------------+-------+-------+-------+-------++-------
Melee: Hand axe          |    90 |   196 |   378 |   210 ||   874
Throw: Tomahawk          |       |     1 |     5 |       ||     6
       Throwing net      |       |       |     1 |       ||     1
Invok: Smiting           |       |       |    11 |     4 ||    15
       Convert to Beogh  |       |       |     1 |       ||     1
Evoke: Wand              |       |     8 |       |       ||     8
  Use: Scroll            |       |    11 |     3 |     1 ||    15
       Potion            |       |       |       |     4 ||     4
 Stab: Sleeping          |     5 |       |       |       ||     5
  Eat: Chunk             |       |     9 |     6 |     6 ||    21
       Ration            |       |       |     3 |       ||     3
Armor: Robe              |    20 |       |       |       ||    20
       Leather armour    |     6 |     1 |       |       ||     7
       Scale mail        |       |    51 |   115 |    45 ||   211
Dodge: Dodged            |    82 |   103 |   148 |   123 ||   456
